 Dungeon Crawl Stone Soup version 0.22-a0-266-g5fdf0d7 (webtiles) character file.

16049 Ijustatesigmund the Contemplative (level 12, -6/77 HPs)
             Began as a Gargoyle Fighter on Mar 8, 2018.
             Was a Priest of Cheibriados.
             Hit by a tomahawk thrown by an orc warrior (8 damage)
             ... on level 1 of the Orcish Mines.
             The game lasted 00:36:43 (13963 turns).

Ijustatesigmund the Contemplative (GrFi)           Turns: 13963, Time: 00:36:44

Health: -6/77      AC: 19    Str: 30    XL:     12   Next: 33%
Magic:  29/31      EV: 17    Int: 18    God:    Cheibriados [***...]
Gold:   155        SH: 14    Dex: 28    Spells: 11/11 levels left

rFire    . . .     SeeInvis .   z - +2 mace (crush)
rCold    + . .     Gourm    +   c - +1 shield
rNeg     + . .     Faith    .   b - +0 scale mail
rPois    ∞         Spirit   .   (no helmet)
rElec    +         Reflect  .   x - +0 cloak
rCorr    .         Harm     .   E - +0 pair of gloves
MR       .....                  (no boots)
Stlth    ++........             g - amulet of the gourmand
HPRegen  0.22/turn              n - ring of protection from cold
MPRegen  0.22/turn              h - ring of magical power

@: agile, very slow
A: talons 1, repulsion field 1, thin skeletal structure 1, negative energy
resistance 1, electricity resistance, strong 1, unbreathing, petrification
resistance, rot immunity, AC +8
a: Bend Time, Temporal Distortion, Renounce Religion


You were on level 1 of the Orcish Mines.
You worshipped Cheibriados.
Cheibriados was most pleased with you.
You were completely stuffed.

You visited 3 branches of the dungeon, and saw 13 of its levels.
You visited 1 bazaar.

You collected 478 gold pieces.
You spent 323 gold pieces at shops.

Inventory:

Hand Weapons
 a - a +0 flail
 z - a +2 mace of crushing (weapon)
Missiles
 G - 2 javelins (quivered)
Armour
 b - a +0 scale mail (worn)
 c - a +1 shield (worn)
 x - a +0 cloak (worn)
 E - a +0 pair of gloves (worn)
 J - the +1 leather armour "Duliasma" {MR+ rCorr MP+9 Str-4, unknown}
   (You found it on level 11 of the Dungeon)

   It affects your strength (-4).
   It affects your resistance to hostile enchantments.
   It affects your magic capacity (+9).
   It protects you from acid and corrosion.
Jewellery
 g - an amulet of the gourmand (around neck)
 h - a ring of magical power (right hand)
 n - a ring of protection from cold (left hand)
 A - an uncursed ring of protection from cold
 I - the ring of Wuulextiu {Ice Int+4, unknown}
   (You took it off a centaur warrior on level 11 of the Dungeon)

   [ring of ice]

   It enhances your ice magic.
   It affects your intelligence (+4).
   It makes you vulnerable to fire.
   It protects you from cold.
Wands
 d - a wand of digging (17)
 p - a wand of disintegration (1)
 r - a wand of iceblast (3)
 C - a wand of paralysis (27)
Scrolls
 e - 2 scrolls of amnesia
 i - 2 scrolls of teleportation
 k - a scroll of enchant armour
 l - a scroll of magic mapping
 o - a scroll of identify
 t - a scroll of remove curse
 y - a scroll of enchant weapon
 B - a scroll of vulnerability {unknown}
 F - a scroll of fog {unknown}
Potions
 j - 3 potions of curing
 m - a potion of ambrosia
 q - 2 potions of brilliance
 s - a potion of mutation
 u - 3 potions of lignification
 H - a potion of cancellation {unknown}
Comestibles
 f - 25 rations
 K - 3 chunks of flesh


   Skills:
 - Level 10.2 Fighting
 - Level 9.8 Maces & Flails
 - Level 6.1 Armour
 - Level 1.8 Dodging
 - Level 6.1 Shields
 + Level 13.8 Invocations


You had 11 spell levels left.
You didn't know any spells.

Dungeon Overview and Level Annotations

Branches:
Dungeon (11/15)            Temple (1/1) D:5            Lair (0/6) D:10
    Orc (1/2) D:11

Altars:
Ashenzari
Cheibriados
Dithmenos
Elyvilon
Fedhas
Gozag
Hepliaklqana
Kikubaaqudgha
Makhleb
Nemelex Xobeh
Okawaru
Qazlal
Ru
Sif Muna
Trog
Uskayaw
Vehumet
Wu Jian
Xom
Yredelemnul
Zin
The Shining One

Shops:
D:4 ?*   D:9 :(=:!

Annotations:
D:4 Ijustatesigmund's ghost, amateur GrFi
D:10 Maurice


Innate Abilities, Weirdness & Mutations

You are resistant to torment.
Your stone body is resilient. (AC +8)
You are immune to poison.
You resist negative energy. (rN+)
You are resistant to electric shocks. (rElec)
You can survive without breathing.
You are immune to petrification.
You are immune to rotting.
You have sharp toenails.
You are surrounded by a mild repulsion field. (EV +2)
You have a somewhat thin skeletal structure. (Dex +2, Stealth)
Your muscles are strong. (Str +2)


Message History

Press: ? - help, Shift-Dir - straight line The rock shatters into small pieces.
The orc warrior throws a tomahawk.
You block the tomahawk.
Okay, then.
You feel better.
The orc warrior throws a tomahawk.
The tomahawk hits you!
* * * LOW HITPOINT WARNING * * *
Evoke which item? (* to show all) (? for menu, Esc to quit)
Aiming: Disintegrate
Press: ? - help, Shift-Dir - straight line, f - orc warrior
Aim: an orc warrior, wielding a mace and wearing a chain mail (chance to defeat MR: 65%)
The orc warrior is blasted.
The orc warrior throws a tomahawk.
You block the tomahawk.
Evoke which item? (* to show all) (? for menu, Esc to quit)
Aiming: Iceblast
Press: ? - help, Shift-Dir - straight line, f/p - orc warrior
Aim: an orc warrior, wielding a mace and wearing a chain mail (moderately wounded)
The mass of ice explodes!
The iceblast engulfs the orc warrior.
The orc warrior is severely wounded.
The orc warrior throws a tomahawk.
The tomahawk hits you!
You die...

....... ....[†.
...$... ......)
...o...####..$).))
.........#....)...
#....o#)[[.)([.
#...[))))((#
#.##)<)...##
#$))))###
#@.)....#
#.#....###
#.###..## #.# ##.#
... ### ..# ... .#


You could see an orc warrior.

Vanquished Creatures
  2 centaur warriors (D:11)
  3 two-headed ogres
  Sonja (D:10)
  An unseen horror (D:11)
  An orc knight (Orc:1)
  A manticore (D:11)
  A gargoyle (D:10)
  A kobold demonologist (D:8)
  2 trolls
  Prince Ribbit (D:7)
  A hornet (D:7)
  2 hippogriffs (D:10)
  A centaur simulacrum (D:11)
  A vampire (D:11)
  2 wyverns (D:10)
  A wraith (D:11)
  11 yaks
  Sigmund (D:2)
  A hungry ghost (D:10)
  Menkaure (D:7)
  A soldier ant (D:10)
  A water moccasin (D:10)
  13 orc warriors
  6 ice beasts
  A necrophage (D:10)
  3 sky beasts
  6 ogres
  4 centaurs
  2 big kobolds
  A gnoll sergeant (D:7)
  6 bullfrogs
  A wyvern zombie (D:6)
  3 scorpions
  5 killer bees (D:10)
  2 howler monkeys (D:9)
  3 crimson imps
  A bullfrog zombie (D:8)
  Crazy Yiuf (D:7)
  4 jellies
  2 centaur skeletons
  2 hounds
  3 bullfrog skeletons
  15 orc priests
  14 orc wizards
  An iguana (D:9)
  5 worker ants
  A hound zombie (D:7)
  A worker ant zombie (D:11)
  A howler monkey skeleton (D:6)
  16 gnolls
  14 adders
  5 shadow imps
  9 oozes
  An adder zombie (D:8)
  An adder skeleton (D:4)
  2 worms
  2 dart slugs
  5 leopard geckos
  45 orcs
  2 ball pythons
  A giant cockroach (D:3)
  11 goblins
  11 hobgoblins
  13 jackals
  6 quokkas
  5 bats
  7 frilled lizards
  7 kobolds
  A leopard gecko skeleton (D:8)
  8 rats
317 creatures vanquished.

Notes
Turn   | Place    | Note
-------+----------+-------------------------------------------
     0 | D:1      | Ijustatesigmund the Gargoyle Fighter began the quest for the Orb.
     0 | D:1      | Reached XP level 1. HP: 14/14 MP: 1/1
    31 | D:1      | Reached XP level 2. HP: 19/19 MP: 2/2
   397 | D:1      | Reached XP level 3. HP: 24/24 MP: 3/3
   844 | D:1      | Reached XP level 4. HP: 24/29 MP: 4/4
  1422 | D:2      | Reached XP level 5. HP: 27/34 MP: 5/5
  1461 | D:2      | Noticed Sigmund
  1478 | D:2      | Killed Sigmund
  1478 | D:2      | Reached skill level 5 in Fighting
  1478 | D:2      | Reached skill level 5 in Maces & Flails
  1478 | D:2      | Reached XP level 6. HP: 25/40 MP: 6/6
  1937 | D:3      | Found a glowing golden altar of the Shining One.
  2728 | D:4      | Found Humuep's Magic Scroll Shoppe.
  2741 | D:4      | Bought a scroll of teleportation for 42 gold pieces
  2741 | D:4      | Bought a scroll of identify for 28 gold pieces
  2857 | D:4      | Found Pianobro's Assorted Antiques.
  3384 | D:4      | Found a bloodstained altar of Trog.
  3455 | D:4      | Noticed Ijustatesigmund's ghost (amateur GrFi)
  3466 | D:5      | Entered Level 5 of the Dungeon
  3768 | D:5      | Reached XP level 7. HP: 43/44 MP: 7/7
  3777 | D:5      | Reached skill level 1 in Dodging
  4159 | D:4      | Gained mutation: You are dopey. (Int -2) [potion of mutation]
  4159 | D:4      | Gained mutation: You have a pair of small horns on your head. [potion of mutation]
  4159 | D:4      | Gained mutation: You have sharp toenails. [potion of mutation]
  5648 | D:5      | Found a staircase to the Ecumenical Temple.
  5658 | Temple   | Entered the Ecumenical Temple
  5750 | Temple   | Became a worshipper of Cheibriados the Contemplative
  5881 | D:6      | Found a deep blue altar of Sif Muna.
  5915 | D:6      | Reached skill level 1 in Invocations
  5915 | D:6      | Reached XP level 8. HP: 50/51 MP: 8/8
  5960 | D:6      | Reached skill level 2 in Invocations
  6014 | D:6      | Got an ancient platinum ring
  6017 | D:6      | Identified the ring "Fyijekh" {*Tele *Slow MP+9 Str+7} (You took it off an orc on level 6 of the Dungeon)
  6084 | D:6      | Noticed a hand axe
  6085 | D:6      | Found a hide-covered altar of Uskayaw.
  6085 | D:6      | Noticed a dagger
  6187 | D:6      | Reached skill level 3 in Invocations
  6321 | D:6      | Found a sacrificial altar of Ru.
  6363 | D:6      | Found a shadowy altar of Dithmenos.
  6623 | D:7      | Noticed Menkaure
  6628 | D:7      | Killed Menkaure
  6647 | D:7      | Noticed a hornet
  6671 | D:7      | Reached * piety under Cheibriados
  7232 | D:7      | Reached skill level 4 in Invocations
  7282 | D:7      | Killed a hornet
  7282 | D:7      | Reached XP level 9. HP: 10/57 MP: 12/12
  7436 | D:7      | Reached skill level 5 in Invocations
  7584 | D:7      | Found a runed door.
  7672 | D:7      | Noticed Prince Ribbit
  7681 | D:7      | Killed Prince Ribbit
  7714 | D:7      | Found a blossoming altar of Fedhas.
  7733 | D:7      | Reached ** piety under Cheibriados
  7767 | D:7      | Reached skill level 6 in Invocations
  7961 | D:7      | Noticed Crazy Yiuf
  7965 | D:7      | Killed Crazy Yiuf
  8226 | D:8      | Found a sparkling altar of Nemelex Xobeh.
  8362 | D:8      | Noticed a two-headed ogre
  8374 | D:8      | Killed a two-headed ogre
  8374 | D:8      | Reached skill level 7 in Invocations
  8374 | D:8      | Reached XP level 10. HP: 28/66 MP: 15/15
  8611 | D:8      | Noticed a kobold demonologist
  8620 | D:8      | Killed a kobold demonologist
  8794 | D:8      | Found an opulent altar of Gozag.
  8999 | D:9      | Found Roufug's Distillery.
  9003 | D:9      | Bought 2 potions of mutation for 176 gold pieces
  9003 | D:9      | Lost mutation: You are dopey. (Int -2) [potion of mutation]
  9003 | D:9      | Lost mutation: You have a pair of small horns on your head. [potion of mutation]
  9003 | D:9      | Gained mutation: You have a somewhat thin skeletal structure. (Dex +2, Stealth) [potion of mutation]
  9003 | D:9      | Gained mutation: Your muscles are strong. (Str +2) [potion of mutation]
  9003 | D:9      | Gained mutation: You are surrounded by a mild repulsion field. (EV +2) [potion of mutation]
  9007 | D:9      | Bought a potion of agility for 44 gold pieces
  9007 | D:9      | Bought a potion of curing for 33 gold pieces
  9246 | D:9      | Found a hazy altar of Hepliaklqana.
  9307 | D:9      | Found Tidwuom's Jewellery Shoppe.
  9454 | D:9      | Noticed a two-headed ogre
  9547 | D:9      | Reached *** piety under Cheibriados
  9562 | D:9      | Found a stormy altar of Qazlal.
  9590 | D:9      | Found an iron altar of Okawaru.
  9606 | D:9      | Reached skill level 8 in Invocations
  9766 | D:9      | Found Qitodiy's Antique Weapon Emporium.
  9784 | D:9      | Killed a two-headed ogre
  9784 | D:9      | Reached skill level 10 in Fighting
 10072 | D:9      | Found Tuyfuj's Book Emporium.
 10497 | D:10     | Entered Level 10 of the Dungeon
 10644 | D:10     | Found a staircase to the Lair.
 10702 | D:10     | Reached skill level 5 in Armour
 10702 | D:10     | Reached skill level 5 in Shields
 10702 | D:10     | Reached XP level 11. HP: 72/72 MP: 17/17
 10716 | D:10     | Noticed a two-headed ogre
 10721 | D:10     | Noticed Maurice
 10729 | D:10     | Killed a two-headed ogre
 10729 | D:10     | Reached skill level 9 in Invocations
 11555 | D:10     | Reached **** piety under Cheibriados
 11646 | D:10     | Noticed Sonja
 11659 | D:10     | Killed Sonja
 11659 | D:10     | Reached skill level 10 in Invocations
 12103 | D:9      | Reached skill level 11 in Invocations
 12250 | D:9      | Found Kafeaps's Book Shop.
 12399 | D:11     | Noticed a manticore
 12451 | D:11     | Killed a manticore
 12452 | D:11     | Found a flickering gateway to a bazaar.
 12461 | Bazaar   | Entered a bazaar
 12461 | Bazaar   | Found Icudyn's Food Boutique.
 12461 | Bazaar   | Found Orur's Book Emporium.
 12461 | Bazaar   | Found Ikhyefer's General Store.
 12462 | Bazaar   | Found Qis Xeh's Weapon Shoppe.
 12462 | Bazaar   | Found Utivuy's Magic Scroll Shoppe.
 12667 | D:11     | Noticed a centaur warrior
 12668 | D:11     | Noticed a deep elf mage
 12670 | D:11     | Noticed a seven-headed hydra
 12709 | D:11     | Found a staircase to the Orcish Mines.
 12718 | D:11     | Killed an unseen horror
 12718 | D:11     | Reached skill level 12 in Invocations
 12749 | D:11     | Found the +8 longbow "Zephyr" {speed, Dex+3 SInv}
 12998 | D:11     | Killed a centaur warrior
 12998 | D:11     | Reached XP level 12. HP: 58/77 MP: 21/21
 13405 | D:11     | Noticed a centaur warrior
 13421 | D:11     | Killed a centaur warrior
 13421 | D:11     | Reached skill level 13 in Invocations
 13423 | D:11     | Got a transparent marble ring
 13426 | D:11     | Got a slimy leather armour
 13612 | Orc:1    | Entered Level 1 of the Orcish Mines
 13954 | Orc:1    | HP: 1/77 [orc warrior/flail[an orc knight] (16)]
 13961 | Orc:1    | HP: 2/77 [orc warrior/tomahawk (8)]
 13963 | Orc:1    | Hit by a tomahawk thrown by an orc warrior

Vault maps used:
D:1:      scummos_arrival_simple_crosswalls, minmay_misc_feat_tower
D:2:      uniq_sigmund
D:3:      lemuel_doored_altar
D:4:      lemuel_coloured_pillars_altar, serial_shops, shop,
          nicolae_shop_statue_plus
D:5:      minmay_temple_entry_poolview, first_ration, amethyst_killhole,
          hangedman_abyss_or_decor_passed
D:6:      lemuel_blue_sif_altar, dancing_weapons_uskayaw,
          nicolae_ru_path_of_blood, nicolae_dithmenos_the_darkroom
D:7:      fedhas_altar_2, uniq_prince_ribbit1, uniq_crazy_yiuf_cottage,
          uniq_menkaure
D:8:      nicolae_overflow_crystal_walls, nemelex_xobeh_ov_fountains_minmay
D:9:      nicolae_qazlal_general_emergency, marbit_many_paths,
          lemuel_crystal_altar, serial_shops, kennysheep_little_box, shop,
          shop_fountains, shop, kennysheep_mini, hangedman_little_slice_of_home
D:10:     lair_entry_dummy, eino_tiny_chamber, uniq_sonja, uniq_maurice
D:11:     minmay_the_grid_triangle_9x9_recursive_2_mashed, orc_0_dummy,
          serial_shops, bzr_in_the_mist, uniq_urug
Temple:   zaba_magenta_temple
Orc:1:    serial_shops, nicolae_shop_stone
Bazaar:   bazaar_jpeg_oval

Skill      XL: |  1  2  3  4  5  6  7  8  9 10 11 12 |
---------------+-------------------------------------+-----
Maces & Flails | 3 4 5 6 7 9 |  9.8
Fighting       | 4 5 7 9 10 | 10.2
Dodging        | 1 |  1.8
Armour         | 4 5 6 |  6.1
Shields        | 4 5 6 |  6.1
Invocations    | 1 4 7 8 12 13 | 13.8

Action                   |  1- 3 |  4- 6 |  7- 9 | 10-12 || total
-------------------------+-------+-------+-------+-------++-------
Melee: Flail             |   101 |   232 |   280 |       ||   613
       Kick              |       |       |    95 |   264 ||   359
       Headbutt          |       |       |    70 |    10 ||    80
       Mace              |       |       |    22 |   469 ||   491
Throw: Javelin           |       |     3 |     9 |    19 ||    31
Invok: Bend Time         |       |       |     3 |    17 ||    20
       Slouch            |       |       |       |     4 ||     4
Evoke: Wand              |       |       |       |    24 ||    24
  Use: Scroll            |     1 |    13 |     4 |    10 ||    28
       Potion            |       |     1 |     4 |     8 ||    13
 Stab: Sleeping          |       |       |       |     1 ||     1
  Eat: Chunk             |       |    20 |    13 |    18 ||    51
Armor: Scale mail        |    44 |   110 |   116 |   191 ||   461
Dodge: Dodged            |    25 |    59 |    86 |   173 ||   343
Block: Shield            |    43 |   107 |   156 |   350 ||   656

Table legend:
 A = Spawn XP
 B = Non-spawn XP
 C = Spawn XP percentage of total XP
 D = Spawn monster count
 E = Non-spawn monster count
 F = Spawn count percentage of total count
 G = Total turns spent on level
                    A         B        C        D         E        F      G
               +---------+---------+-------+---------+---------+-------+---------
         Total |       0 |   22928 |   0.0 |       0 |     317 |   0.0 | 13963
               +---------+---------+-------+---------+---------+-------+---------
           D:1 |       0 |      79 |   0.0 |       0 |      31 |   0.0 |   872
           D:2 |       0 |     344 |   0.0 |       0 |      29 |   0.0 |   937
           D:3 |       0 |     116 |   0.0 |       0 |      18 |   0.0 |  1422
           D:4 |       0 |      20 |   0.0 |       0 |       3 |   0.0 |  1371
           D:5 |       0 |     532 |   0.0 |       0 |      22 |   0.0 |  1298
           D:6 |       0 |     764 |   0.0 |       0 |      18 |   0.0 |   919
           D:7 |       0 |    2027 |   0.0 |       0 |      31 |   0.0 |  1073
           D:8 |       0 |    2428 |   0.0 |       0 |      25 |   0.0 |  1183
           D:9 |       0 |    3954 |   0.0 |       0 |      42 |   0.0 |  1695
          D:10 |       0 |    6253 |   0.0 |       0 |      40 |   0.0 |  1941
          D:11 |       0 |    4658 |   0.0 |       0 |      25 |   0.0 |   849
         Orc:1 |       0 |    1753 |   0.0 |       0 |      33 |   0.0 |   180
               +---------+---------+-------+---------+---------+-------+---------
